 Dungeon Crawl Stone Soup version 0.28.0-53-g5a82cb258f (webtiles) character file.

Game seed: 18322060447052293943

20083 Woods the Prestidigitator (level 12, -8/68 HPs)
             Began as a Deep Elf Fire Elementalist on June 11, 2022.
             Was a Priest of Kikubaaqudgha.
             Mangled by Fannar
             ... wielding a staff of cold
              (11 damage)
             ... on level 2 of the Lair of Beasts.
             The game lasted 00:53:10 (26413 turns).

Woods the Prestidigitator (DEFE)                   Turns: 26413, Time: 00:53:11

Health: -8/68      AC: 21    Str:  5    XL:     12   Next: 42%
Magic:  7/29       EV: 18    Int: 26    God:    Kikubaaqudgha [***...]
Gold:   1070       SH:  0    Dex: 15    Spells: 3/33 levels left

rFire   . . .      SeeInvis +   (no weapon)
rCold   . . .      Faith    .   (no shield)
rNeg    . . .      Spirit   .   J - +0 steam dragon scales
rPois   .          Reflect  .   L - +2 hat
rElec   .          Harm     .   C - +2 cloak
rCorr   .          Rampage  .   s - +0 pair of gloves
Will    +....                   d - +0 pair of boots
Stlth   ++++......              P - amulet of magic regeneration
HPRegen 0.21/turn               i - ring of wizardry
MPRegen 0.61/turn               t - ring "Bewygudd" {EV+4 SInv}

@: ice-armoured
A: no striking features
a: Renounce Religion, Receive Corpses


You were on level 2 of the Lair of Beasts.
You worshipped Kikubaaqudgha.
Kikubaaqudgha was most pleased with you.
You visited 3 branches of the dungeon, and saw 15 of its levels.

You collected 1070 gold pieces.

Inventory:

Missiles
 H - 5 throwing nets
Armour
 d - a +0 pair of boots (worn)
 s - a +0 pair of gloves (worn)
 C - a +2 cloak (worn)
 J - +0 steam dragon scales (worn)
 L - a +2 hat (worn)
Jewellery
 a - a +4 ring of protection
 b - a +4 ring of protection
 i - a ring of wizardry (left hand)
 t - the ring "Bewygudd" (right hand) {EV+4 SInv}
   (You found it on level 4 of the Dungeon)

   [ring of evasion]

   EV:        It affects your evasion (+4).
   SInv:      It lets you see invisible.
 D - a ring of wizardry
 E - a ring of ice
 F - a +4 ring of protection
 G - an amulet of the acrobat
 P - an amulet of magic regeneration (around neck)
 V - a +4 ring of protection
Wands
 c - a wand of digging (4)
 w - a wand of polymorph (12)
 B - a wand of charming (14)
 K - a wand of iceblast (11)
 Q - a wand of paralysis (5)
 S - a wand of acid (6)
 U - a wand of flame (10)
Scrolls
 f - 4 scrolls of noise
 h - 3 scrolls of blinking
 j - 3 scrolls of immolation
 k - 2 scrolls of enchant weapon
 m - 3 scrolls of vulnerability
 n - 4 scrolls of magic mapping
 p - 2 scrolls of enchant armour {unknown}
 q - 2 scrolls of fog
 x - a scroll of fear {unknown}
 y - 4 scrolls of teleportation
 N - a scroll of amnesia {unknown}
 T - a scroll of identify
Potions
 e - 2 potions of lignification
 g - a potion of magic {unknown}
 l - 7 potions of curing
 o - 4 potions of cancellation
 r - a potion of attraction {unknown}
 u - 2 potions of flight {unknown}
 v - a potion of mutation {unknown}
 z - a potion of degeneration {unknown}
 A - a potion of heal wounds {unknown}
 I - 3 potions of haste {unknown}
 M - a potion of experience {unknown}
 O - a potion of might {unknown}
 R - 2 potions of resistance {unknown}


   Skills:
 - Level 5.0 Fighting
 - Level 5.0 Dodging
 + Level 9.9 Stealth
 + Level 11.4 Spellcasting
 - Level 4.6 Conjurations
 + Level 8.9 Necromancy
 - Level 6.0 Fire Magic
 - Level 7.5 Ice Magic
 - Level 11.9 Evocations


You had 3 spell levels left.
You knew the following spells:

 Your Spells              Type           Power      Damage    Failure   Level
a - Foxfire               Conj/Fire      100%       2x1d9     1%          1
b - Scorch                Fire           92%        2d10      1%          2
c - Conjure Flame         Conj/Fire      42%        6-21      1%          3
d - Inner Flame           Hex/Fire       30%        N/A       1%          3
e - Ozocubu's Armour      Ice            52%        N/A       1%          3
f - Flame Wave            Conj/Fire      42%        2d9       1%          4
g - Vampiric Draining     Necr           57%        2d10      1%          3
h - Metabolic Englaciati  Hex/Ice        17%        N/A       10%         5
i - Simulacrum            Ice/Necr       27%        N/A       9%          6

Your spell library contained the following spells:

 Spells                   Type           Power      Damage    Failure   Level
 Animate Skeleton         Necr           100%       N/A       1%          1
 Freeze                   Ice            100%       1d11      1%          1
 Sandblast                Erth           28%        2d8       1%          1
 Corpse Rot               Necr/Air       76%        N/A       1%          2
 Static Discharge         Conj/Air       26%        N/A       1%          2
 Sublimation of Blood     Necr           57%        N/A       1%          2
 Frozen Ramparts          Ice            100%       1d12      1%          3
 Stone Arrow              Conj/Erth      52%        3d10      1%          3
 Passwall                 Tmut/Erth      11%        N/A       2%          2
 Mephitic Cloud           Conj/Pois/Air  22%        N/A       2%          3
 Portal Projectile        Hex/Tloc       28%        N/A       4%          3
 Animate Dead             Necr           28%        N/A       1%          4
 Hailstorm                Conj/Ice       46%        3d11      1%          4
 Excruciating Wounds      Necr           28%        N/A       1%          5
 Fulminant Prism          Conj/Hex       13%        3d9       6%          4
 Death Channel            Necr           28%        N/A       6%          6
 Borgnjor's Vile Clutch   Necr/Erth      19%        N/A       8%          5
 Cause Fear               Hex            7%         N/A       16%         4
 Petrify                  Tmut/Erth      14%        N/A       16%         4
 Irradiate                Conj/Tmut      13%        3d17      16%         5
 Blade Hands              Tmut           7%         N/A       38%         5
 Discord                  Hex            7%         N/A       100%        8


Dungeon Overview and Level Annotations

Branches:
Dungeon (12/15)            Temple (1/1) D:6            Lair (2/6) D:10
  Swamp (0/4) Lair:2          Orc (0/2) D:10
  Snake: Lair:2-4    Spider: Lair:2-4

Altars:
Ashenzari
Cheibriados
Dithmenos
Elyvilon
Fedhas
Gozag
Hepliaklqana
Kikubaaqudgha
Makhleb
Nemelex Xobeh
Okawaru
Qazlal
Ru
Sif Muna
Trog
Uskayaw
Vehumet
Wu Jian
Xom
Yredelemnul
Zin
The Shining One
Beogh

Shops:
D:7 [

Annotations:
D:4 Pikel
D:10 exclusion: 3 oklob plants
D:11 3 runed translucent doors, Chani's ghost, novice MiFi
Lair:2 Fannar


Message History

Flames lash Fannar.
Fannar is burned terribly!
Fannar is almost dead.
Fannar hits you but does no damage. Fannar freezes you.
Unknown command.
Casting: Scorch (safe; 1% risk of failure)
Confirm with . or Enter, or press ? or * to list all spells.
Flames lash Fannar but do no damage.
Fannar gestures wildly while chanting.
Unknown command.
Casting: Scorch (safe; 1% risk of failure)
Confirm with . or Enter, or press ? or * to list all spells.
Flames lash the ice beast.
The ice beast melts!
The ice beast is moderately wounded.
The ice beast's fire resistance burns away.
Fannar casts a spell.
The ice beast hits you but does no damage.
Casting: Scorch (safe; 1% risk of failure)
Confirm with . or Enter, or press ? or * to list all spells.
A film of ice covers your body!
Some snowflakes condense on Fannar.
Fannar mumbles some strange words.
Fannar drains the heat from the surrounding environment!
* * * LOW HITPOINT WARNING * * *
The ice beast barely misses you. x2
Casting: Ozocubu's Armour (safe; 1% risk of failure)
Confirm with . or Enter, or press ? or * to list all spells.
Casting: Flame Wave (dangerous; 1% risk of failure)
Press: ? - help, Dir - look around, f - activate A wave of flame ripples out!
The flame wave engulfs the ice beast!!
The ice beast melts!
The ice beast is almost dead.
The flame wave engulfs Fannar!
Fannar is burned terribly!
Fannar is almost dead.
The flame wave engulfs the ice beast!
The ice beast melts!
The ice beast is moderately wounded. (Press . to intensify the flame waves.)
You hear an angry hiss.
Fannar hits you but does no damage. Fannar freezes you!
You die...
Kikubaaqudgha rasps: "You have failed me!
Welcome... death!"

..#. .....# #.........##
...# ..........# ....
..#.....## ..# ......
#.#......#.
..##.)...#####..........
.##............<........
###P............e.......
...............Y@.......
................Y.......
........................
.........####..##.......
♣.#....####.#...###.####
♣♣♣....##.....>....## ≈
♣....##...#........
≈♣♣.........#####....
≈♣♣.....#........#$..


You could see Fannar (combustible) and 2 ice beasts.

Vanquished Creatures
  Harold (D:8)
  A boulder beetle (D:12)
  2 hydras
  A cyclops (D:11)
  A manticore (D:12)
  A black mamba (Lair:1)
  4 cane toads
  4 komodo dragons
  A kobold demonologist (D:12)
  5 trolls
  A hornet (D:8)
  A spriggan (D:9)
  2 shadows
  A wraith (D:10)
  A wyvern (Lair:2)
  13 yaks
  Eustachio (D:6)
  A basilisk (Lair:1)
  9 vampire mosquitoes
  4 steam dragons
  2 acid dragons
  8 water moccasins
  2 sky beasts
  7 orc warriors
  2 ice beasts (D:7)
  2 black bears
  2 necrophages
  A wolf (D:5)
  3 ogres
  9 centaurs
  A lemure (D:4)
  A phantom (D:6)
  3 gnoll sergeants (D:5)
  3 kobold brigands
  5 scorpions
  7 bullfrogs
  2 jellies
  A water moccasin zombie (D:5)
  2 wyvern skeletons (D:7)
  A water moccasin skeleton (D:6)
  3 wights (D:7)
  4 killer bees (D:7)
  A howler monkey (D:6)
  8 hounds
  5 centaur zombies
  2 gnoll shamans (D:5)
  9 orc priests
  A bullfrog skeleton (D:5)
  4 iguanas
  Crazy Yiuf (D:7)
  Natasha (twice) (D:4)
  7 orc wizards
  A scorpion zombie (D:5)
  Robin (D:2)
  12 gnolls
  3 howler monkey zombies
  5 adders
  2 shadow imps
  A white imp (D:5)
  2 adder skeletons
  2 worms
  34 orcs
  7 endoplasms
  10 giant cockroaches
  10 goblins
  10 hobgoblins
  A jackal (D:5)
  23 kobolds
  4 quokkas
  4 ball pythons
  2 bats (D:1)
  2 frilled lizards
  7 rats
309 creatures vanquished.

Vanquished Creatures (collateral kills)
  A cane toad (Lair:2)
  2 bullfrogs (Lair:2)
  3 foxfires (D:10)
6 creatures vanquished.

Vanquished Creatures (others)
  630 foxfires
  9 fungi (Lair:2)
  11 plants
650 creatures vanquished.

Grand Total: 965 creatures vanquished

Notes
Turn   | Place    | Note
-------+----------+-------------------------------------------
     0 | D:1      | Woods the Deep Elf Fire Elementalist began the quest for
                  | the Orb.
     0 | D:1      | Reached XP level 1. HP: 10/10 MP: 6/6
   222 | D:1      | You fall into a shaft and drop 1 floor!
   344 | D:2      | Reached XP level 2. HP: 12/15 MP: 4/8
   349 | D:2      | Learned a level 2 spell: Scorch
   797 | D:1      | Found a faded altar of an unknown god.
  1011 | D:1      | Reached XP level 3. HP: 17/19 MP: 5/9
  1805 | D:2      | Noticed Robin
  2023 | D:2      | Killed Robin
  2184 | D:2      | Reached XP level 4. HP: 24/24 MP: 6/11
  2188 | D:2      | Learned a level 3 spell: Conjure Flame
  2192 | D:2      | Learned a level 3 spell: Inner Flame
  3115 | D:3      | Reached XP level 5. HP: 28/28 MP: 0/13
  4530 | D:4      | Noticed an ogre
  4547 | D:4      | Killed an ogre
  4553 | D:5      | Entered Level 5 of the Dungeon
  4741 | D:4      | Reached XP level 6. HP: 27/32 MP: 8/14
  4786 | D:4      | Learned a level 3 spell: Ozocubu's Armour
  4990 | D:4      | Noticed Pikel
  5814 | D:4      | Identified the ring "Bewygudd" {EV+4 SInv}
  6073 | D:4      | Noticed Natasha
  6077 | D:4      | Killed Natasha
  6460 | D:5      | Reached skill level 5 in Spellcasting
  6460 | D:5      | Reached skill level 1 in Ice Magic
  6593 | D:5      | Reached XP level 7. HP: 36/36 MP: 11/16
  6598 | D:5      | Learned a level 4 spell: Flame Wave
  7004 | D:5      | Reached skill level 5 in Stealth
  7004 | D:5      | Reached skill level 5 in Fire Magic
  7047 | D:4      | Reached skill level 5 in Dodging
  7409 | D:4      | Noticed Natasha
  7417 | D:4      | Killed Natasha
  8072 | D:5      | Reached XP level 8. HP: 36/41 MP: 6/19
  8433 | D:5      | Found a shimmering blue altar of Sif Muna.
  8500 | D:5      | Reached skill level 1 in Evocations
  9345 | D:5      | Found an opulent altar of Gozag.
  9449 | D:6      | Noticed Eustachio
  9450 | D:6      | Found a staircase to the Ecumenical Temple.
  9466 | D:6      | Killed Eustachio
  9486 | Temple   | Entered the Ecumenical Temple
  9744 | Temple   | Became a worshipper of Kikubaaqudgha
  9967 | D:6      | Reached skill level 5 in Ice Magic
 10016 | D:6      | Reached XP level 9. HP: 45/45 MP: 12/23
 10601 | D:6      | Reached skill level 5 in Evocations
 11162 | D:7      | Found Tisch's Armour Shoppe.
 12935 | D:7      | Found a runed translucent door.
 12936 | D:7      | Noticed Crazy Yiuf
 13084 | D:7      | Killed Crazy Yiuf
 13085 | D:7      | Reached skill level 10 in Evocations
 13269 | D:8      | Reached XP level 10. HP: 50/50 MP: 14/24
 13275 | D:8      | Reached * piety under Kikubaaqudgha
 13275 | D:8      | Received a gift from Kikubaaqudgha
 13824 | D:8      | Learned a level 3 spell: Vampiric Draining
 13852 | D:8      | Reached skill level 1 in Necromancy
 14042 | D:8      | Noticed Harold
 14061 | D:8      | Killed Harold
 15700 | D:8      | Found the +7 staff of the Meek {protect, meekguard}
 15968 | D:8      | Reached skill level 5 in Necromancy
 16696 | D:9      | Reached skill level 1 in Fighting
 17950 | D:10     | Entered Level 10 of the Dungeon
 18074 | D:10     | Found an iron altar of Okawaru.
 18075 | D:10     | Found a snail-covered altar of Cheibriados.
 18098 | D:10     | Noticed an oklob plant
 18104 | D:10     | Noticed an oklob plant
 18108 | D:10     | Paralysed by a floating eye for 2 turns
 18115 | D:10     | Paralysed by a floating eye for 3 turns
 18118 | D:10     | HP: 1/53 [oklob plant/splash of acid (23)]
 18123 | D:10     | Paralysed by a floating eye for 2 turns
 18537 | D:10     | Found a staircase to the Orcish Mines.
 18543 | D:10     | Noticed an oklob plant
 18581 | D:10     | Reached XP level 11. HP: 57/57 MP: 13/25
 18780 | D:10     | Reached ** piety under Kikubaaqudgha
 19479 | D:10     | Learned a level 5 spell: Metabolic Englaciation
 20466 | D:10     | Found a staircase to the Lair.
 20491 | D:10     | Noticed a seven-headed hydra
 20518 | D:10     | Killed a seven-headed hydra
 21726 | D:11     | Found a large runed translucent door.
 21727 | D:11     | Found a large runed translucent door.
 21902 | D:11     | Got Vehumet's Handbook of Attacks
 21935 | D:11     | Found a runed translucent door.
 22011 | D:11     | Noticed Chani's ghost (novice MiFi)
 22044 | D:11     | Reached skill level 10 in Spellcasting
 23899 | D:12     | Noticed a boulder beetle
 23934 | D:12     | Found a broken altar of Ashenzari.
 23939 | D:12     | Killed a boulder beetle
 24206 | D:12     | Noticed a boulder beetle
 24206 | D:12     | Noticed a deep elf pyromancer
 24206 | D:12     | Noticed a skeletal warrior
 24206 | D:12     | Noticed a skeletal warrior
 24207 | D:12     | Noticed a skeletal warrior
 24419 | D:12     | Noticed a red ugly thing
 24515 | Lair:1   | Entered Level 1 of the Lair of Beasts
 24515 | Lair:1   | Noticed an eight-headed hydra
 24522 | Lair:1   | Killed an eight-headed hydra
 24523 | Lair:1   | Reached XP level 12. HP: 31/67 MP: 16/28
 25184 | Lair:1   | Learned a level 6 spell: Simulacrum
 25512 | Lair:2   | Noticed a boulder beetle
 25821 | Lair:2   | Reached *** piety under Kikubaaqudgha
 25821 | Lair:2   | Received a gift from Kikubaaqudgha
 26025 | Lair:2   | Reached skill level 5 in Fighting
 26341 | Lair:2   | Found a staircase to the Swamp.
 26401 | Lair:2   | Noticed Fannar
 26412 | Lair:2   | HP: 2/68 [Fannar/refrigeration (28)]
 26413 | Lair:2   | Mangled by Fannar

Illustrated notes

Levels and vault maps discovered:
D:1:      lightli_arrival_windingriver, layout_basic,
          hellmonk_ecumenical_altar_crossroads, roderic_lattice_a,
          chequers_serial_rivers_large_b, dk_noncrumbling_2
D:2:      layout_basic, grunt_decor_junction, uniq_robin
D:3:      layout_rooms
D:4:      layout_cave_pods, uniq_pikel, uniq_natasha
D:5:      layout_cave_pools, nicolae_overflow_hidden_temple, serial_gnoll_camp,
          gnoll_camp_mini_loothouse, gnoll_camp_mini_basic,
          gnoll_camp_huts_basic, gnoll_camp_mini_hut, kennysheep_donut
D:6:      layout_rooms, minmay_temple_entry_grid, portal_sewer_entry_d,
          uniq_eustachio
D:7:      layout_loops_corners, serial_shops, shop_fountains,
          uniq_crazy_yiuf_cottage
D:8:      layout_loops_ring, pf_guarded_unrand_meek, uniq_harold
D:9:      layout_cave_pools, mumra_transporter_accident, the_hattery
D:10:     layout_stronghold, jmf_multi_god_temple,
          grunt_lair_entry_orc_guard_hut, grunt_ogre_cave, disabler_island
D:11:     layout_loops_ring, hellmonk_ghost_big_iron, lightli_elemental_guards
D:12:     layout_roguey, evilmike_ruin_ashenzari
Temple:   eino_narrow_crystal_temple
Lair:1:   layout_hall_layers, chequers_serial_rivers_micro_b, grunt_megastairs_3
Lair:2:   layout_regular_city, minmay_swamp_entry_swarm,
          nicolae_spider_entry_non_spiders, grunt_megastairs_4, uniq_fannar

Skill      XL: |  1  2  3  4  5  6  7  8  9 10 11 12 |
---------------+-------------------------------------+-----
Stealth        | 3 4 5 6 8 9 |  9.9
Dodging        | 3 4 5 |  5.0
Conjurations   | 2 3 4 |  4.6
Spellcasting   | 4 5 6 8 10 11 | 11.4
Fire Magic     | 4 5 6 |  6.0
Ice Magic      | 1 3 5 6 7 |  7.5
Evocations     | 4 10 11 | 11.9
Necromancy     | 6 7 8 |  8.9
Fighting       | 2 4 5 |  5.0

Action                   |  1- 3 |  4- 6 |  7- 9 | 10-12 || total
-------------------------+-------+-------+-------+-------++-------
Melee: Unarmed           |     5 |     3 |     1 |    35 ||    44
       Punch             |       |       |       |     3 ||     3
 Cast: Foxfire           |    42 |    53 |    94 |   195 ||   384
       Scorch            |    24 |    57 |   159 |   332 ||   572
       Conjure Flame     |       |     2 |     9 |    21 ||    32
       Ozocubu's Armour  |       |     1 |     1 |     2 ||     4
       Metabolic Englaci |       |       |       |     3 ||     3
       Flame Wave        |       |       |       |    11 ||    11
       Simulacrum        |       |       |       |     6 ||     6
       Inner Flame       |       |       |       |     1 ||     1
  Use: Scroll            |       |       |     6 |     6 ||    12
Armor: Robe              |     3 |     9 |    13 |     1 ||    26
       Steam dragon scal |       |       |       |    80 ||    80
Dodge: Dodged            |     6 |    29 |    66 |   203 ||   304
